 Dungeon Crawl Stone Soup version 0.31-a0-167-g1c394c0614 (webtiles) character file.

Game seed: 11590412276526313913

24803 qw the Cleaver (level 13, -1/83 HPs)
             Began as a Gargoyle Fighter on June 14, 2023.
             Was a High Priest of Okawaru.
             Shot with an arrow by Nessos (4 damage)
             ... on level 3 of the Lair of Beasts.
             The game lasted 00:07:59 (11421 turns).

qw the Cleaver (Gargoyle Fighter)                  Turns: 11421, Time: 00:07:59

Health: -1/83      AC: 40    Str: 27    XL:     13   Next: 15%
Magic:  19/20      EV: 11    Int: 10    God:    Okawaru [*****.]
Gold:   718        SH:  7    Dex: 13    Spells: 12/12 levels left

rFire   . . .        q - -2 demon whip (venom)
rCold   + . .        c - +0 buckler
rNeg    + . .        i - +7 plate armour of the Land of Plenty {rF- Str+3 Dex+4 SInv}
rPois   inf          (no helmet)
rElec   +            (no cloak)
rCorr   .            o - +2 pair of gloves
SInv    +            C - +2 pair of boots
Will    .....        y - amulet of faith Stlth
                     r - ring of protection from fire
HPRegen 0.33/turn    x - ring of protection from cold
MPRegen 0.17/turn

%: faith
@: about to teleport, heroic, finesse-ful
A: sickness immunity, AC +9, negative energy resistance 1, electricity
resistance, torment resistance 1, petrification resistance
a: Renounce Religion, Heroism, Finesse, Duel


You were on level 3 of the Lair of Beasts.
You worshipped Okawaru.
Okawaru was extremely pleased with you.
You visited 3 branches of the dungeon, and saw 13 of its levels.
You also visited: Sewer and Ossuary.

You collected 753 gold pieces.
You spent 35 gold pieces at shops.


Innate Abilities, Weirdness & Mutations

You are immune to sickness and miasma.
Your stone body is resilient. (AC +9)
You are immune to poison.
You resist negative energy. (rN+)
You are resistant to electric shocks. (rElec)
You are resistant to unholy torment.
You are immune to petrification.


   Skills:
 + Level 10.5(15.5) Fighting
 - Level 13.8(18.8) Axes
 - Level 1.4(6.4) Throwing
 - Level 9.0(14.0) Armour
 - Level 3.2(8.2) Dodging
 - Level 6.7(11.7) Shields
 - Level 10.0 Invocations


You had 12 spell levels left.
You didn't know any spells.
Your spell library was empty.

Inventory:

Hand Weapons
 e - a +2 morningstar of draining
 k - a +2 broad axe of distortion
 q - a -2 demon whip of venom (weapon)
 B - a +2 flail
 Y - a +2 war axe
Armour
 c - a +0 buckler (worn)
 i - the +7 plate armour of the Land of Plenty (worn) {rF- Str+3 Dex+4 SInv}
   (You acquired it on level 3 of the Dungeon)

   Str:       It affects your strength (+3).
   Dex:       It affects your dexterity (+4).
   rF:        It makes you vulnerable to fire.
   SInv:      It lets you see invisible.
 o - a +2 pair of gloves (worn)
 C - a +2 pair of boots (worn)
Jewellery
 g - a ring of see invisible
 m - an amulet of reflection
 r - a ring of protection from fire (left hand)
 s - the ring of Atyk {rC- rN+ Will+ MP+9 Dex+3}
   (You acquired it on level 7 of the Dungeon)

   [ring of willpower]

   Dex:       It affects your dexterity (+3).
   rC:        It makes you vulnerable to cold.
   rN:        It protects you from negative energy.
   MP:        It affects your magic capacity (+9).
   Will:      It increases your willpower.
 u - the ring of the Past {rN+ rCorr Int+3}
   (You found it on level 2 of the Dungeon)

   [ring of positive energy]

   Int:       It affects your intelligence (+3).
   rN:        It protects you from negative energy.
   rCorr:     It protects you from acid and corrosion.
 v - a ring of see invisible
 x - a ring of protection from cold (right hand)
 y - an amulet of faith (around neck)
 z - a ring of willpower
Scrolls
 l - 4 scrolls of identify
 p - 5 scrolls of teleportation
Potions
 a - 4 potions of curing
 b - 2 potions of lignification
 d - 3 potions of might
 f - 3 potions of haste
 j - 2 potions of resistance
 n - a potion of mutation
 w - 3 potions of heal wounds
 A - 3 potions of attraction

Dungeon Overview and Level Annotations

Branches:
Dungeon (9/15)             Temple (1/1) D:4            Lair (3/5) D:9
 Spider (0/4) Lair:2        Sewer (visited)         Ossuary (visited)
  Swamp: Lair:2-3    Shoals: Lair:2-3       Orc: D:9-12

Altars:
Ashenzari
Cheibriados
Dithmenos
Elyvilon
Fedhas
Gozag
Hepliaklqana
Kikubaaqudgha
Makhleb
Nemelex Xobeh
Okawaru
Qazlal
Ru
Sif Muna
Trog
Uskayaw
Vehumet
Wu Jian
Xom
Yredelemnul
Zin
The Shining One
Jiyva

Shops:
D:3 ==:([   D:4 =

Annotations:
D:2 1 runed translucent door, Crazy Yiuf
D:8 3 runed translucent doors, qw's ghost, novice GrHu
Lair:2 2 transporters
Lair:3 Nessos


Message History

Enter note:
Enter note:
Enter note:
Enter note: Nessos intently looks at you, slowly moving their tail.
Nessos shoots an arrow.
The arrow hits you but does no damage.
Nessos shoots an arrow.
The arrow barely misses you.
Nessos shoots an arrow.
You block the arrow.
Enter note:
Enter note:
Enter note:
Enter note:
Enter note:
Enter note:
Enter note:
Enter note:
Enter note: You barely miss the blink frog.
The blink frog is heavily wounded.
The blink frog closely misses you.
You miss the blink frog.
The blink frog is heavily wounded.
Nessos shoots an arrow.
The arrow barely misses you.
The arrow hits the blink frog!
The arrow burns the blink frog.
The blink frog dies!
A four-headed hydra comes into view.
Nessos shoots an arrow.
The arrow hits you but does no damage.
Nessos shoots an arrow.
The arrow hits you but does no damage.
Nessos casts a spell.
Nessos blinks!
Nessos looks more healthy.
Nessos shoots an arrow.
The arrow hits you! The arrow burns you.
Nessos mumbles some strange words.
Nessos blinks!
11421 ||| READING 6 scrolls of teleportation.
As you read the scroll of teleportation, it crumbles to dust.
You feel strangely unstable.
Nessos casts a spell.
Nessos blinks!
Nessos shoots an arrow.
The arrow hits you! The arrow burns you.
You die...

#.###....P.D..............#
.###P...................P!.
..#.....P.................)
####...P.P.....(...P.......
# #................P.PP...
####........P.......P...7.#
......7P............(P...#
...%...7.P............P7.#
...........P....@.....7..#
..........c..............#
.........77.%.P..%..7......
.}.....#7.......%%7..#.....
.......##..#P....7.%.##..#.
.......##..##..ยค.##%.# ..#
...........P#...###.......
............#...# ........
.......#...P#..## #h.#...#


You could see Nessos (fast).

Vanquished Creatures
  Harold (D:9)
  A catoblepas (Lair:2)
  A hydra (Lair:3)
  A two-headed ogre (D:9)
  Amaemon (D:8)
  Pikel (D:5)
  A cyclops (D:6)
  An oklob plant (Lair:1)
  6 elephants (Lair:1)
  An orange demon (D:8)
  Psyche (D:8)
  A gargoyle (D:6)
  An unseen horror (D:6)
  3 rime drakes
  2 cane toads
  6 komodo dragons
  3 polar bears
  13 blink frogs
  6 wyverns
  2 basilisks
  22 yaks
  3 steam dragons
  An acid dragon (D:8)
  6 water moccasins
  3 hornet zombies (Ossuary)
  3 black bears
  6 ogres
  A sky beast (D:7)
  4 ice beasts (D:9)
  9 wolves
  A centaur (D:6)
  2 phantoms
  3 kobold brigands
  11 bullfrogs
  2 scorpions
  A gnoll sergeant (D:8)
  10 wights
  5 killer bees (D:9)
  7 bullfrog zombies (Ossuary)
  A howler monkey (D:9)
  6 centaur zombies (Ossuary)
  3 hounds
  2 jellies
  An orc priest (D:4)
  3 gnoll boudas
  A sleepcap (D:3)
  3 iguanas
  Ijyb (D:5)
  8 orc wizards
  A sickly merfolk siren (Sewer)
  A malarious merfolk avatar (Sewer)
  4 killer bee zombies (Ossuary)
  11 mummies (Ossuary)
  A howler monkey zombie (Ossuary)
  12 gnolls
  6 adders
  5 river rats
  2 shadow imps
  2 white imps
  3 ufetubi
  2 worms (D:2)
  3 dart slugs
  40 orcs
  5 bats
  5 endoplasms
  9 giant cockroaches
  11 goblins
  4 hobgoblins
  18 kobolds
  5 quokkas
  12 ball pythons
  10 frilled lizards
  32 rats
386 creatures vanquished.

Vanquished Creatures (others)
  A blink frog (Lair:3)
1 creature vanquished.

Grand Total: 387 creatures vanquished

Notes
Turn   | Place    | Note
-------+----------+-------------------------------------------
     0 | D:1      | qw the Gargoyle Fighter began the quest for the Orb.
     0 | D:1      | Reached XP level 1. HP: 14/14 MP: 1/1
     0 | D:1      | 0 ||| qw: Version: 0.2-a-29-g1fa15c8
     0 | D:1      | 0 ||| qw: Game counter: 5128
     0 | D:1      | 0 ||| qw: Always use a shield: true
     0 | D:1      | 0 ||| qw: God list: Okawaru
     0 | D:1      | 0 ||| qw: Allow faded altars: false
     0 | D:1      | 0 ||| qw: Do Orc after D:15 true
     0 | D:1      | 0 ||| qw: Do second Lair branch before Depths: true
     0 | D:1      | 0 ||| qw: Lair rune preference: random
     0 | D:1      | 0 ||| qw: Plans: Normal, Zot:1-4, Slime:5, God:TSO, Crypt,
                  | Tomb, Abyss, Pan, Hells, Win
     0 | D:1      | 0 ||| PLANNING D:1-11
     5 | D:1      | 5 ||| Stepping ~*~*~tactically~*~*~ (hiding).
    15 | D:1      | 15 ||| Stepping ~*~*~tactically~*~*~ (stealth).
    17 | D:1      | 17 ||| Stepping ~*~*~tactically~*~*~ (stealth).
    21 | D:1      | 21 ||| Stepping ~*~*~tactically~*~*~ (stealth).
    44 | D:1      | 44 ||| Stepping ~*~*~tactically~*~*~ (stealth).
    50 | D:1      | Reached skill level 2 in Axes
    87 | D:1      | Reached XP level 2. HP: 19/19 MP: 2/2
    87 | D:1      | 87 ||| Stepping ~*~*~tactically~*~*~ (hiding).
    88 | D:1      | 88 ||| Stepping ~*~*~tactically~*~*~ (hiding).
   149 | D:1      | Found a faded altar of an unknown god.
   298 | D:1      | 298 ||| Stepping ~*~*~tactically~*~*~ (stealth).
   328 | D:1      | Reached skill level 3 in Axes
   526 | D:1      | 526 ||| UPGRADING to +0 chain mail.
   536 | D:1      | 536 ||| DROPPING +0 scale mail.
   537 | D:1      | 537 ||| UPGRADING to amulet of reflection.
   542 | D:1      | 542 ||| UPGRADING to ring of see invisible.
   543 | D:1      | 543 ||| READING scroll labelled FEMAD ZELAA.
   544 | D:1      | 544 ||| READING scroll labelled UHAIXTYUGO.
   545 | D:1      | 545 ||| READING scroll labelled RYISUS HIOPIMM.
   550 | D:1      | 550 ||| DRINKING 3 fuming green potions.
   566 | D:2      | Reached XP level 3. HP: 23/23 MP: 3/3
   628 | D:2      | 628 ||| Stepping ~*~*~tactically~*~*~ (stealth).
   681 | D:2      | 681 ||| Stepping ~*~*~tactically~*~*~ (hiding).
   682 | D:2      | 682 ||| Stepping ~*~*~tactically~*~*~ (hiding).
   683 | D:2      | 683 ||| Stepping ~*~*~tactically~*~*~ (hiding).
   716 | D:2      | 716 ||| Stepping ~*~*~tactically~*~*~ (stealth).
   717 | D:2      | 717 ||| Stepping ~*~*~tactically~*~*~ (stealth).
   718 | D:2      | 718 ||| Stepping ~*~*~tactically~*~*~ (stealth).
   764 | D:2      | Found a runed translucent door.
   765 | D:2      | Noticed Crazy Yiuf
   872 | D:2      | Identified the ring of the Past {rN+ rCorr Int+3}
   878 | D:2      | 878 ||| Stepping ~*~*~tactically~*~*~ (stealth).
   879 | D:2      | 879 ||| Stepping ~*~*~tactically~*~*~ (stealth).
  1101 | D:2      | 1101 ||| UPGRADING to +0 pair of gloves.
  1106 | D:2      | 1106 ||| UPGRADING to ring of the Past {rN+ rCorr Int+3}.
  1107 | D:2      | 1107 ||| READING scroll labelled OPNING NE ROPP.
  1108 | D:2      | 1108 ||| DRINKING 4 pink potions.
  1109 | D:2      | 1109 ||| DRINKING 3 brown potions.
  1110 | D:2      | 1110 ||| DRINKING 3 potions of curing.
  1110 | D:2      | 1110 ||| (to cure confusion)
  1111 | D:2      | 1111 ||| DRINKING 2 white potions.
  1112 | D:2      | 1112 ||| DROPPING 2 potions of ambrosia.
  1187 | D:3      | Reached XP level 4. HP: 28/28 MP: 4/4
  1207 | D:3      | Found Cead's Armour Emporium.
  1215 | D:3      | 1215 ||| SHOPLISTING +1 chain mail "Wahik" {rElec Str+5
                  | Dex+4} (551 gold, have 97).
  1327 | D:3      | 1327 ||| Stepping ~*~*~tactically~*~*~ (hiding).
  1336 | D:3      | Reached skill level 4 in Axes
  1356 | D:3      | 1356 ||| Stepping ~*~*~tactically~*~*~ (stealth).
  1357 | D:3      | 1357 ||| Stepping ~*~*~tactically~*~*~ (stealth).
  1358 | D:3      | 1358 ||| Stepping ~*~*~tactically~*~*~ (stealth).
  1359 | D:3      | 1359 ||| Stepping ~*~*~tactically~*~*~ (stealth).
  1360 | D:3      | 1360 ||| Stepping ~*~*~tactically~*~*~ (stealth).
  1361 | D:3      | 1361 ||| Stepping ~*~*~tactically~*~*~ (stealth).
  1362 | D:3      | 1362 ||| Stepping ~*~*~tactically~*~*~ (stealth).
  1363 | D:3      | 1363 ||| Stepping ~*~*~tactically~*~*~ (stealth).
  1367 | D:3      | 1367 ||| Stepping ~*~*~tactically~*~*~ (hiding).
  1617 | D:3      | Found Lesat's Weapon Emporium.
  1625 | D:3      | 1625 ||| BUYING +0 flail (35 gold).
  1625 | D:3      | Bought a +0 flail for 35 gold pieces
  1625 | D:3      | 1625 ||| DROPPING +0 whip.
  1784 | D:3      | Found Edonnuu's Jewellery Emporium.
  1795 | D:3      | Found Bouhiorgh's Book Shop.
  1796 | D:3      | 1796 ||| SHOPLISTING +5 ring of evasion (432 gold, have
                  | 152).
  1796 | D:3      | 1796 ||| SHOPLISTING ring of fire (300 gold, have 152).
  1796 | D:3      | 1796 ||| SHOPLISTING ring of ice (300 gold, have 152).
  1796 | D:3      | 1796 ||| SHOPLISTING ring of protection from cold (300
                  | gold, have 152).
  1808 | D:3      | Found Kaat's Jewellery Emporium.
  1820 | D:3      | 1820 ||| SHOPLISTING +4 ring of protection (504 gold, have
                  | 164).
  1820 | D:3      | 1820 ||| SHOPLISTING amulet of faith (560 gold, have 164).
  1820 | D:3      | 1820 ||| SHOPLISTING ring of protection from fire (350
                  | gold, have 164).
  1820 | D:3      | 1820 ||| SHOPLISTING ring of willpower (350 gold, have
                  | 164).
  1842 | D:3      | 1842 ||| Stepping ~*~*~tactically~*~*~ (stealth).
  1949 | D:3      | 1949 ||| READING scroll labelled FONYELUQIC.
  1950 | D:3      | 1950 ||| READING scroll labelled HETALOMNUO.
  1951 | D:3      | 1951 ||| READING 3 scrolls labelled WIAMNI ZOSOEWN.
  1951 | D:3      | Identified 3 scrolls of acquirement
  1951 | D:3      | 1951 ||| ACQUIRING +2 morningstar of draining
  1951 | D:3      | Acquired a +2 morningstar of draining
  1953 | D:3      | 1953 ||| READING 2 scrolls of acquirement.
  1953 | D:3      | 1953 ||| ACQUIRING +7 plate armour of the Land of Plenty
                  | {rF- Str+3 Dex+4 SInv}
  1953 | D:3      | Acquired the +7 plate armour of the Land of Plenty {rF-
                  | Str+3 Dex+4 SInv}
  1955 | D:3      | 1955 ||| UPGRADING to +7 plate armour of the Land of Plenty
                  | {rF- Str+3 Dex+4 SInv}.
  1965 | D:3      | 1965 ||| REMOVING ring of see invisible.
  1966 | D:3      | 1966 ||| DROPPING +0 chain mail.
  1967 | D:3      | 1967 ||| READING scroll of acquirement.
  1967 | D:3      | 1967 ||| ACQUIRING +2 broad axe of distortion
  1967 | D:3      | Acquired a +2 broad axe of distortion
  1969 | D:3      | 1969 ||| READING 2 scrolls of identify.
  1969 | D:3      | 1969 ||| IDENTIFYING amethyst potion
  1970 | D:3      | 1970 ||| DRINKING potion of experience.
  1970 | D:3      | Reached skill level 11 in Axes
  1970 | D:3      | Reached XP level 5. HP: 32/32 MP: 5/5
  2004 | D:4      | Reached XP level 6. HP: 37/37 MP: 6/6
  2016 | D:4      | 2016 ||| Stepping ~*~*~tactically~*~*~ (hiding).
  2024 | D:4      | Reached skill level 1 in Dodging
  2024 | D:4      | 2024 ||| Stepping ~*~*~tactically~*~*~ (hiding).
  2086 | D:4      | Found a glowing silver altar of Zin.
  2086 | D:4      | Found a white marble altar of Elyvilon.
  2087 | D:4      | Found a glowing golden altar of the Shining One.
  2111 | D:4      | Noticed a black bear
  2123 | D:4      | Killed a black bear
  2171 | D:4      | Found Fuehoq's Jewellery Shop.
  2182 | D:4      | Reached XP level 7. HP: 33/44 MP: 7/7
  2228 | D:4      | 2228 ||| SHOPLISTING +4 ring of protection (360 gold, have
                  | 181).
  2228 | D:4      | 2228 ||| SHOPLISTING +4 ring of slaying (780 gold, have
                  | 181).
  2228 | D:4      | 2228 ||| SHOPLISTING +6 ring of dexterity (360 gold, have
                  | 181).
  2228 | D:4      | 2228 ||| SHOPLISTING ring "Ocyhod" {+Blink rElec rPois
                  | Str+6 Dex+3} (675 gold, have 181).
  2228 | D:4      | 2228 ||| SHOPLISTING ring of protection from fire (250
                  | gold, have 181).
  2228 | D:4      | 2228 ||| SHOPLISTING ring of resist corrosion (200 gold,
                  | have 181).
  2371 | D:4      | 2371 ||| Stepping ~*~*~tactically~*~*~ (hiding).
  2411 | D:4      | Found a staircase to the Ecumenical Temple.
  2412 | D:4      | 2412 ||| PLANNING TEMPLE
  2416 | Temple   | Entered the Ecumenical Temple
  2426 | Temple   | 2426 ||| PLANNING OKAWARU WORSHIP
  2634 | Temple   | Became a worshipper of Warmaster Okawaru
  2635 | Temple   | 2635 ||| PLANNING D:1-11
  2836 | D:4      | 2836 ||| Stepping ~*~*~tactically~*~*~ (stealth).
  2839 | D:4      | 2839 ||| Stepping ~*~*~tactically~*~*~ (hiding).
  2844 | D:4      | Found a snail-covered altar of Cheibriados.
  2844 | D:4      | Found a bloodstained altar of Trog.
  2853 | D:4      | 2853 ||| FLEEEEING.
  2854 | D:4      | 2854 ||| FLEEEEING.
  2855 | D:4      | 2855 ||| FLEEEEING.
  2859 | D:4      | 2859 ||| STAIRDANCE
  3014 | D:4      | 3014 ||| Stepping ~*~*~tactically~*~*~ (stealth).
  3015 | D:4      | 3015 ||| Stepping ~*~*~tactically~*~*~ (stealth).
  3086 | D:4      | 3086 ||| READING 2 scrolls of identify.
  3086 | D:4      | 3086 ||| IDENTIFYING fuming ruby potion
  3130 | D:5      | Entered Level 5 of the Dungeon
  3131 | D:5      | 3131 ||| PLANNING OSSUARY
  3179 | D:5      | Noticed Ijyb
  3180 | D:5      | 3180 ||| Stepping ~*~*~tactically~*~*~ (stealth).
  3186 | D:5      | Reached skill level 1 in Throwing
  3190 | D:5      | Killed Ijyb
  3197 | D:5      | Reached * piety under Okawaru
  3198 | D:5      | Reached XP level 8. HP: 50/50 MP: 8/8
  3228 | D:5      | 3228 ||| Stepping ~*~*~tactically~*~*~ (stealth).
  3233 | D:5      | 3233 ||| INVOKING Heroism.
  3240 | D:5      | Reached skill level 1 in Invocations
  3296 | D:5      | Found a sand-covered staircase.
  3298 | D:5      | Noticed Pikel
  3321 | D:5      | Reached skill level 6 in Fighting
  3469 | D:5      | 3469 ||| INVOKING Heroism.
  3504 | D:5      | 3504 ||| INVOKING Heroism.
  3517 | D:5      | Killed Pikel
  3518 | D:5      | Reached skill level 6 in Armour
  3546 | D:5      | 3546 ||| INVOKING Heroism.
  3550 | D:5      | Reached XP level 9. HP: 55/55 MP: 7/10
  3550 | D:5      | 3550 ||| UPGRADING to ring of protection from fire.
  3558 | Ossuary  | Entered an ossuary
  3566 | Ossuary  | 3566 ||| Stepping ~*~*~tactically~*~*~ (stealth).
  3664 | Ossuary  | 3664 ||| Stepping ~*~*~tactically~*~*~ (water).
  3694 | Ossuary  | 3694 ||| FLEEEEING.
  3743 | Ossuary  | 3743 ||| FLEEEEING.
  3746 | Ossuary  | 3746 ||| Stepping ~*~*~tactically~*~*~ (stealth).
  3759 | Ossuary  | Reached ** piety under Okawaru
  3760 | Ossuary  | Reached skill level 3 in Invocations
  3762 | Ossuary  | 3762 ||| Stepping ~*~*~tactically~*~*~ (stealth).
  3793 | Ossuary  | 3793 ||| READING scroll of enchant weapon.
  3793 | Ossuary  | 3793 ||| ENCHANTING +1 war axe.
  3829 | Ossuary  | 3829 ||| Stepping ~*~*~tactically~*~*~ (water).
  3842 | Ossuary  | 3842 ||| Stepping ~*~*~tactically~*~*~ (water).
  3864 | Ossuary  | 3864 ||| Stepping ~*~*~tactically~*~*~ (stealth).
  3865 | Ossuary  | 3865 ||| Stepping ~*~*~tactically~*~*~ (stealth).
  3953 | Ossuary  | 3953 ||| Stepping ~*~*~tactically~*~*~ (stealth).
  3961 | Ossuary  | 3961 ||| Stepping ~*~*~tactically~*~*~ (stealth).
  4044 | Ossuary  | 4044 ||| UPGRADING to amulet of faith.
  4054 | Ossuary  | 4054 ||| UPGRADING to ring of protection from cold.
  4056 | Ossuary  | 4056 ||| READING scroll labelled KID NEUSOGAUFF.
  4057 | Ossuary  | 4057 ||| READING scroll labelled IPLUFOU GILO.
  4058 | Ossuary  | 4058 ||| READING scroll labelled PUAB QUACATZASS.
  4059 | Ossuary  | 4059 ||| READING scroll labelled TAUDAR SATE.
  4060 | Ossuary  | 4060 ||| DRINKING 2 smoky golden potions.
  4061 | Ossuary  | 4061 ||| READING 5 scrolls of identify.
  4061 | Ossuary  | 4061 ||| IDENTIFYING emerald potion
  4062 | Ossuary  | 4062 ||| READING 4 scrolls of identify.
  4062 | Ossuary  | 4062 ||| IDENTIFYING fizzy grey potion
  4063 | Ossuary  | 4063 ||| READING 3 scrolls of identify.
  4063 | Ossuary  | 4063 ||| IDENTIFYING clear potion
  4064 | Ossuary  | 4064 ||| DROPPING potion of invisibility.
  4065 | Ossuary  | 4065 ||| DROPPING potion of berserk rage.
  4088 | D:5      | 4088 ||| PLANNING D:1-11
  4381 | D:5      | Reached *** piety under Okawaru
  4718 | D:6      | 4718 ||| PLANNING SEWER
  4726 | D:6      | Found a basalt altar of Yredelemnul.
  4821 | D:6      | 4821 ||| Stepping ~*~*~tactically~*~*~ (hiding).
  4822 | D:6      | 4822 ||| INVOKING Heroism.
  4867 | D:6      | 4867 ||| DROPPING amulet of magic regeneration.
  4868 | D:6      | Noticed a cyclops
  4877 | D:6      | Noticed a gargoyle
  4881 | D:6      | 4881 ||| INVOKING Heroism.
  4888 | D:6      | Killed a cyclops
  4889 | D:6      | Reached XP level 10. HP: 64/64 MP: 10/13
  4907 | D:6      | Noticed an unseen horror
  4928 | D:6      | 4928 ||| INVOKING Heroism.
  4933 | D:6      | Killed a gargoyle
  5037 | D:6      | Killed an unseen horror
  5059 | D:6      | 5059 ||| INVOKING Heroism.
  5203 | D:6      | Found a glowing drain.
  5204 | D:6      | 5204 ||| READING scroll labelled TUATRU NASUSH.
  5248 | Sewer    | Entered a sewer
  5251 | Sewer    | 5251 ||| Stepping ~*~*~tactically~*~*~ (water).
  5275 | Sewer    | 5275 ||| Stepping ~*~*~tactically~*~*~ (stealth).
  5276 | Sewer    | 5276 ||| Stepping ~*~*~tactically~*~*~ (stealth).
  5281 | Sewer    | 5281 ||| Stepping ~*~*~tactically~*~*~ (stealth).
  5282 | Sewer    | 5282 ||| Stepping ~*~*~tactically~*~*~ (stealth).
  5283 | Sewer    | 5283 ||| Stepping ~*~*~tactically~*~*~ (stealth).
  5389 | Sewer    | 5389 ||| Stepping ~*~*~tactically~*~*~ (water).
  5391 | Sewer    | 5391 ||| Stepping ~*~*~tactically~*~*~ (water).
  5420 | Sewer    | 5420 ||| Stepping ~*~*~tactically~*~*~ (stealth).
  5449 | Sewer    | 5449 ||| Stepping ~*~*~tactically~*~*~ (stealth).
  5484 | Sewer    | 5484 ||| Stepping ~*~*~tactically~*~*~ (water).
  5600 | D:6      | 5600 ||| PLANNING D:1-11
  5619 | D:6      | Found a hazy altar of Hepliaklqana.
  5848 | D:6      | 5848 ||| Stepping ~*~*~tactically~*~*~ (hiding).
  5856 | D:6      | 5856 ||| Stepping ~*~*~tactically~*~*~ (stealth).
  5857 | D:6      | 5857 ||| Stepping ~*~*~tactically~*~*~ (stealth).
  6090 | D:6      | 6090 ||| READING 2 scrolls of identify.
  6090 | D:6      | 6090 ||| IDENTIFYING viscous coppery potion
  6174 | D:7      | 6174 ||| READING scroll of acquirement.
  6174 | D:7      | 6174 ||| ACQUIRING ring of Atyk {rC- rN+ Will+ MP+9 Dex+3}
  6174 | D:7      | Acquired the ring of Atyk {rC- rN+ Will+ MP+9 Dex+3}
  6231 | D:7      | 6231 ||| Stepping ~*~*~tactically~*~*~ (hiding).
  6232 | D:7      | 6232 ||| Stepping ~*~*~tactically~*~*~ (hiding).
  6329 | D:7      | 6329 ||| Stepping ~*~*~tactically~*~*~ (hiding).
  6330 | D:7      | 6330 ||| Stepping ~*~*~tactically~*~*~ (hiding).
  6331 | D:7      | 6331 ||| Stepping ~*~*~tactically~*~*~ (hiding).
  6333 | D:7      | 6333 ||| INVOKING Heroism.
  6343 | D:7      | 6343 ||| Stepping ~*~*~tactically~*~*~ (hiding).
  6421 | D:7      | 6421 ||| Stepping ~*~*~tactically~*~*~ (stealth).
  6424 | D:7      | 6424 ||| Stepping ~*~*~tactically~*~*~ (stealth).
  6435 | D:7      | Reached **** piety under Okawaru
  6436 | D:7      | Reached skill level 9 in Fighting
  6443 | D:7      | 6443 ||| INVOKING Heroism.
  6690 | D:7      | 6690 ||| INVOKING Heroism.
  6720 | D:7      | 6720 ||| Stepping ~*~*~tactically~*~*~ (stealth).
  6724 | D:7      | 6724 ||| INVOKING Heroism.
  6731 | D:7      | 6731 ||| Stepping ~*~*~tactically~*~*~ (cloud).
  7143 | D:7      | 7143 ||| Stepping randomly (stuck).
  7154 | D:8      | 7154 ||| STAIRDANCE
  7158 | D:7      | 7158 ||| INVOKING Heroism.
  7244 | D:8      | Reached XP level 11. HP: 68/71 MP: 14/14
  7338 | D:8      | Noticed Psyche
  7339 | D:8      | 7339 ||| INVOKING Heroism.
  7352 | D:8      | Killed Psyche
  7399 | D:8      | 7399 ||| INVOKING Heroism.
  7492 | D:8      | 7492 ||| DROPPING +0 flail.
  7533 | D:8      | Noticed Amaemon
  7534 | D:8      | 7534 ||| Stepping ~*~*~tactically~*~*~ (hiding).
  7538 | D:8      | 7538 ||| Stepping ~*~*~tactically~*~*~ (hiding).
  7541 | D:8      | 7541 ||| INVOKING Heroism.
  7553 | D:8      | Killed Amaemon
  7554 | D:8      | Reached skill level 6 in Invocations
  7743 | D:8      | 7743 ||| Stepping ~*~*~tactically~*~*~ (hiding).
  7761 | D:8      | 7761 ||| INVOKING Heroism.
  7764 | D:8      | Reached skill level 12 in Axes
  7983 | D:8      | Found a runed translucent gate.
  7983 | D:8      | Found a runed translucent gate.
  7984 | D:8      | Found a runed translucent gate.
  7985 | D:8      | Noticed qw's ghost (novice GrHu)
  7987 | D:8      | Found a viscous altar of Jiyva.
  8149 | D:8      | 8149 ||| UPGRADING to +2 pair of boots.
  8154 | D:8      | 8154 ||| READING 3 scrolls of identify.
  8154 | D:8      | 8154 ||| IDENTIFYING glowing brown potion
  8155 | D:8      | 8155 ||| DROPPING potion of degeneration.
  8217 | D:9      | Reached ***** piety under Okawaru
  8223 | D:9      | 8223 ||| INVOKING Heroism.
  8225 | D:9      | 8225 ||| Stepping ~*~*~tactically~*~*~ (cloud).
  8234 | D:9      | 8234 ||| Stepping ~*~*~tactically~*~*~ (cloud).
  8247 | D:9      | 8247 ||| DRINKING 4 potions of curing.
  8247 | D:9      | 8247 ||| (to cure confusion)
  8261 | D:9      | 8261 ||| INVOKING Heroism.
  8319 | D:9      | 8319 ||| DROPPING +1 pair of boots.
  8430 | D:9      | 8430 ||| Stepping ~*~*~tactically~*~*~ (stealth).
  8466 | D:9      | Noticed Harold
  8467 | D:9      | 8467 ||| INVOKING Heroism.
  8492 | D:9      | Killed Harold
  8494 | D:9      | Noticed a two-headed ogre
  8505 | D:9      | Killed a two-headed ogre
  8506 | D:9      | Reached skill level 6 in Shields
  8510 | D:9      | 8510 ||| INVOKING Heroism.
  8523 | D:9      | 8523 ||| Stepping ~*~*~tactically~*~*~ (hiding).
  8527 | D:9      | 8527 ||| INVOKING Heroism.
  8751 | D:9      | Found a staircase to the Lair.
  9093 | D:9      | 9093 ||| PLANNING LAIR
  9093 | D:9      | 9093 ||| READING scroll labelled NESELUODEA.
  9126 | Lair:1   | Entered Level 1 of the Lair of Beasts
  9140 | Lair:1   | 9140 ||| INVOKING Heroism.
  9145 | Lair:1   | Received a gift from Okawaru
  9188 | Lair:1   | 9188 ||| Stepping ~*~*~tactically~*~*~ (stealth).
  9190 | Lair:1   | 9190 ||| Stepping ~*~*~tactically~*~*~ (stealth).
  9206 | Lair:1   | 9206 ||| INVOKING Heroism.
  9335 | Lair:1   | 9335 ||| READING 2 scrolls of enchant armour.
  9335 | Lair:1   | 9335 ||| ENCHANTING +0 pair of gloves.
  9336 | Lair:1   | 9336 ||| READING scroll of enchant armour.
  9336 | Lair:1   | 9336 ||| ENCHANTING +1 pair of gloves.
  9341 | Lair:1   | 9341 ||| INVOKING Heroism.
  9365 | Lair:1   | Reached skill level 9 in Invocations
  9365 | Lair:1   | Reached XP level 12. HP: 73/77 MP: 18/18
  9381 | Lair:1   | 9381 ||| INVOKING Heroism.
  9428 | Lair:1   | 9428 ||| INVOKING Heroism.
  9429 | Lair:1   | 9429 ||| INVOKING Finesse.
  9627 | Lair:1   | Reached skill level 9 in Armour
  9818 | Lair:1   | 9818 ||| Stepping ~*~*~tactically~*~*~ (stealth).
 10044 | Lair:1   | Identified the +4 scale mail of Ucuam {rPois} (Okawaru
                  | gifted it to you on level 1 of the Lair of Beasts)
 10044 | Lair:1   | Received a gift from Okawaru
 10354 | Lair:2   | 10354 ||| INVOKING Heroism.
 10431 | Lair:2   | 10431 ||| Stepping ~*~*~tactically~*~*~ (stealth).
 10435 | Lair:2   | 10435 ||| Stepping ~*~*~tactically~*~*~ (stealth).
 10441 | Lair:2   | 10441 ||| Stepping ~*~*~tactically~*~*~ (stealth).
 10442 | Lair:2   | 10442 ||| Stepping ~*~*~tactically~*~*~ (stealth).
 10450 | Lair:2   | Reached skill level 13 in Axes
 10462 | Lair:2   | 10462 ||| INVOKING Heroism.
 10531 | Lair:2   | Found a transporter.
 10532 | Lair:2   | Found a transporter.
 10533 | Lair:2   | Noticed a boulder beetle
 10536 | Lair:2   | Noticed a boulder beetle
 10551 | Lair:2   | Noticed a catoblepas
 10552 | Lair:2   | 10552 ||| INVOKING Heroism.
 10556 | Lair:2   | 10556 ||| INVOKING Finesse.
 10572 | Lair:2   | Killed a catoblepas
 10573 | Lair:2   | Reached skill level 3 in Dodging
 10666 | Lair:2   | 10666 ||| INVOKING Heroism.
 10776 | Lair:2   | 10776 ||| Stepping ~*~*~tactically~*~*~ (hiding).
 10810 | Lair:2   | Found a hole to the Spider Nest.
 11011 | Lair:3   | 11011 ||| INVOKING Heroism.
 11179 | Lair:3   | 11179 ||| Stepping ~*~*~tactically~*~*~ (hiding).
 11282 | Lair:3   | 11282 ||| INVOKING Heroism.
 11311 | Lair:3   | Reached XP level 13. HP: 82/82 MP: 20/20
 11314 | Lair:3   | 11314 ||| Stepping ~*~*~tactically~*~*~ (stealth).
 11315 | Lair:3   | 11315 ||| Stepping ~*~*~tactically~*~*~ (stealth).
 11316 | Lair:3   | 11316 ||| Stepping ~*~*~tactically~*~*~ (stealth).
 11318 | Lair:3   | 11318 ||| INVOKING Finesse.
 11329 | Lair:3   | 11329 ||| SWAPPING to -2 demon whip of venom.
 11346 | Lair:3   | 11346 ||| Stepping ~*~*~tactically~*~*~ (stealth).
 11353 | Lair:3   | 11353 ||| INVOKING Heroism.
 11366 | Lair:3   | Noticed Nessos
 11420 | Lair:3   | HP: 18/83 [Nessos/arrow (15)]
 11421 | Lair:3   | 11421 ||| READING 6 scrolls of teleportation.
 11421 | Lair:3   | HP: 3/83 [Nessos/arrow (14)]
 11421 | Lair:3   | Shot with an arrow by Nessos

Levels and vault maps discovered:
D:1:      lemuel_arrival_rhombus, layout_rooms,
          hellmonk_ecumenical_altar_lost_god, minmay_pentomino_o4
D:2:      layout_rooms, uniq_crazy_yiuf_cottage
D:3:      layout_basic, serial_shops, nicolae_shop_tiny_waterfront,
          shop_fountains, shop, shop_fountains, shop, serial_curves,
          eino_curves_03, eino_curves_01
D:4:      layout_rooms, good_gods_temple_1, mainiacjoe_overflow_catwalk_spiral,
          minmay_temple_entry_drinking_statues, grunt_decor_clamped,
          kennysheep_windowed_goal
D:5:      nicolae_BIG_FREAKIN_CUBE, layout_cave_pods,
          nicolae_ossuary_entry_false_entrances, uniq_pikel, uniq_ijyb
D:6:      layout_loops_ring, nicolae_hepliaklqana_hazy_memory,
          mainiacjoe_overflow_concentric_impassable, portal_sewer_entry_c,
          grunt_decor_junction, minmay_strange_pillars, corexii_hall_statues_l,
          hangedman_glass_teeth, kb_rosetta
D:7:      layout_loops_ring, grunt_tough_drop
D:8:      layout_basic, gammafunk_ghost_ooze, uniq_amaemon, uniq_psyche
D:9:      layout_irregular_city, hellmonk_lair_entry_icy, serial_glass,
          glass_columns_a, glass_columns_a, glass_columns_a, glass_columns_c,
          glass_columns_a, glass_columns_b, uniq_harold
Temple:   regret_index_temple_generic_petals
Lair:1:   layout_gridlike, infiniplex_staircase_pool_2
Lair:2:   gammafunk_boulding_lane, layout_cave_shapes, dummy_spider_entry,
          lemuel_fruit_tree
Lair:3:   regret_index_combs_of_tragedy, layout_long_grid,
          nicolae_swamp_entry_spooky, grunt_forest_large_clearings, uniq_nessos,
          uniq_urug

Skill      XL: |  1  2  3  4  5  6  7  8  9 10 11 12 |
---------------+-------------------------------------+-----
Axes           | 2 3 11 12 13 | 13.8
Dodging        | 1 2 3 |  3.2
Fighting       | 4 5 6 8 9 10 | 10.5
Armour         | 4 6 7 8 9 |  9.0
Throwing       | 1 |  1.4
Invocations    | 2 4 5 9 10 | 10.0
Shields        | 4 5 6 |  6.7

Action                     |  1- 3 |  4- 6 |  7- 9 | 10-12 | 13-15 || total
---------------------------+-------+-------+-------+-------+-------++-------
  Melee: War axe           |    86 |    79 |   267 |   759 |    12 ||  1203
         Demon whip        |       |       |       |       |    76 ||    76
  Throw: Boomerang         |    63 |    21 |    84 |   128 |       ||   296
 Invoke: Heroism           |       |       |     6 |    27 |     1 ||    34
         Finesse           |       |       |       |     2 |     1 ||     3
    Use: Scroll            |     4 |     6 |     9 |     7 |     1 ||    27
         Potion            |     5 |     1 |     1 |     1 |       ||     8
 Armour: Scale mail        |    21 |       |       |       |       ||    21
         Chain mail        |    15 |    18 |       |       |       ||    33
         Plate armour      |       |    30 |   146 |   470 |    28 ||   674
  Dodge: Dodged            |    29 |    16 |    47 |   253 |    14 ||   359
  Block: Buckler           |    22 |    42 |    88 |   176 |    13 ||   341
         Reflection        |       |     1 |     5 |       |       ||     6

Table legend:
 A = Non-vault XP
 B = Vault XP
 C = Vault XP percentage of total XP
 D = Non-vault monster count
 E = Vault monster count
 F = Vault count percentage of total count
                 A         B        C        D         E       F
            +---------+---------+-------+---------+---------+-------
      Total |   26255 |    9037 |  25.6 |     270 |     117 |  30.2
            +---------+---------+-------+---------+---------+-------
        D:1 |      29 |       4 |  12.1 |      17 |       3 |  15.0
        D:2 |      36 |       0 |   0.0 |      18 |       0 |   0.0
        D:3 |      81 |       0 |   0.0 |      18 |       0 |   0.0
        D:4 |     651 |     130 |  16.6 |      32 |       3 |   8.6
        D:5 |     809 |     689 |  46.0 |      20 |       2 |   9.1
        D:6 |     886 |    1485 |  62.6 |      22 |      10 |  31.2
        D:7 |    1775 |     522 |  22.7 |      19 |       5 |  20.8
        D:8 |    1140 |    1612 |  58.6 |      21 |       3 |  12.5
        D:9 |    2665 |    2456 |  48.0 |      33 |      10 |  23.3
     Lair:1 |    8721 |       0 |   0.0 |      32 |       0 |   0.0
     Lair:2 |    3388 |       0 |   0.0 |      12 |       0 |   0.0
     Lair:3 |    6074 |     537 |   8.1 |      26 |       2 |   7.1
      Sewer |       0 |     190 | 100.0 |       0 |      47 | 100.0
    Ossuary |       0 |    1412 | 100.0 |       0 |      32 | 100.0
            +---------+---------+-------+---------+---------+-------
